 Seeded DCSS version 0.29.1 (webtiles) character file.

Game seed: 15342986624498160732 (custom seed)

1012 mathmaestro the Purveyor of Pain (level 8, -7/61 HPs)
             Began as a Demonspawn Necromancer on Aug 26, 2022.
             Was an Initiate of Kikubaaqudgha.
             Mangled by CertainDeath's ghost (13 damage)
             ... on level 4 of the Dungeon on Sept 12, 2022.
             The game lasted 00:11:27 (5637 turns).

mathmaestro the Purveyor of Pain (DsNe)             Turns: 5637, Time: 00:11:28

Health: -7/61      AC: 10    Str:  8    XL:     8   Next: 1%
Magic:  14/14      EV: 11    Int: 19    God:    Kikubaaqudgha [......]
Gold:   17         SH:  5    Dex: 14    Spells: 8/16 levels left

rFire   . . .      SeeInvis .   p - +3 dagger
rCold   . . .      Faith    .   s - +0 buckler
rNeg    . . .      Spirit   .   F - +0 leather armour
rPois   .          Reflect  .   m - +2 hat
rElec   .          Harm     .   u - +2 cloak
rCorr   .          Rampage  .   (no gloves)
Will    +....                   (no boots)
Stlth   ++........              (no amulet)
HPRegen 0.20/turn               t - +4 ring of slaying
MPRegen 0.14/turn               z - ring of willpower

@: no status effects
A: hooves 2, powered by death 2, sharp scales 2
a: Renounce Religion


You were on level 4 of the Dungeon.
You worshipped Kikubaaqudgha.
Kikubaaqudgha was noncommittal.
You visited 1 branch of the dungeon, and saw 5 of its levels.
You also visited: Sewer.

You collected 352 gold pieces.
You spent 335 gold pieces at shops.

Inventory:

Hand Weapons
 o - a +0 dagger of freezing
 p - a +3 dagger (weapon)
Armour
 m - a +2 hat (worn)
 s - a +0 buckler (worn)
 u - a +2 cloak (worn)
 F - a +0 leather armour (worn)
Magical Staves
 v - a staff of cold
Jewellery
 t - a +4 ring of slaying (left hand)
 z - a ring of willpower (right hand)
Wands
 a - a wand of acid (7)
 n - a wand of polymorph (8)
 q - a wand of roots (9)
 y - a wand of paralysis (5)
Scrolls
 e - 2 scrolls of teleportation
 g - a scroll of fear
 i - a scroll of blinking
 j - a scroll of immolation
 k - a scroll of butterflies
 w - a scroll of enchant armour
 E - a scroll of magic mapping
 G - a scroll of amnesia
Potions
 b - a potion of magic
 c - 3 potions of resistance {unknown}
 d - 3 potions of heal wounds {unknown}
 f - 2 potions of brilliance {unknown}
 h - a potion of invisibility {unknown}
 l - a potion of haste {unknown}
 r - a potion of flight {unknown}
 x - a potion of ambrosia {unknown}
 A - 2 potions of might
 B - a potion of curing
 C - 2 potions of lignification
 D - a potion of mutation {unknown}


   Skills:
 + Level 4.5 Fighting
 + Level 0.8 Armour
 - Level 2.0 Dodging
 - Level 2.0 Stealth
 + Level 3.3 Shields
 + Level 4.6 Spellcasting
 + Level 6.8 Necromancy


You had 8 spell levels left.
You knew the following spells:

 Your Spells              Type           Power      Damage    Failure   Level
a - Necrotise             Necr           100%       1d9       1%          1
b - Vampiric Draining     Necr           30%        2d8       4%          3
c - Animate Dead          Necr           30%        N/A       14%         4

Your spell library contained the following spells:

 Spells                   Type           Power      Damage    Failure   Level
 Foxfire                  Conj/Fire      16%        2x1d4     26%         1
 Agony                    Necr           30%        N/A       38%         5
 Conjure Flame            Conj/Fire      4%         6-21      58%         3
 Inner Flame              Hex/Fire       4%         N/A       58%         3
 Flame Wave               Conj/Fire      4%         2d5       94%         4


Dungeon Overview and Level Annotations

Branches:
Dungeon (5/15)              Sewer (visited)
 Temple: D:4-7

Altars:
Cheibriados
Kikubaaqudgha
Nemelex Xobeh
Qazlal
Sif Muna
Vehumet

Shops:
D:4 ?[!*

Annotations:
D:4 CertainDeath's ghost, amateur TrTm


Innate Abilities, Weirdness & Mutations

You have hoof-like feet.
You regenerate health from kills.
You are mostly covered in razor-sharp scales. (AC +2, Slay +2)


Message History

Unknown command.
Casting: Necrotise (safe; 1% risk of failure)
Confirm with . or Enter, or press ? or * to list all spells.
You can't see any susceptible monsters within range! (Use Z to cast anyway.) CertainDeath's ghost is nearby!
Unknown command.
You hit CertainDeath's ghost but do no damage.
CertainDeath's ghost is severely damaged.
CertainDeath's ghost hits you.
You hit CertainDeath's ghost but do no damage.
CertainDeath's ghost is severely damaged.
CertainDeath's ghost hits you.
You closely miss CertainDeath's ghost. You kick CertainDeath's ghost.
CertainDeath's ghost is severely damaged.
CertainDeath's ghost hits you but does no damage.
You hit CertainDeath's ghost but do no damage.
CertainDeath's ghost is severely damaged.
CertainDeath's ghost hits you but does no damage.
You puncture CertainDeath's ghost! You kick CertainDeath's ghost.
CertainDeath's ghost is almost destroyed.
CertainDeath's ghost hits you.
You hit CertainDeath's ghost but do no damage.
CertainDeath's ghost is almost destroyed.
CertainDeath's ghost says very slowly, "There's no hope."
CertainDeath's ghost hits you!
You hit CertainDeath's ghost but do no damage.
Your kick misses CertainDeath's ghost.
CertainDeath's ghost is almost destroyed.
CertainDeath's ghost hits you.
* * * LOW HITPOINT WARNING * * *
You hit CertainDeath's ghost but do no damage.
You kick CertainDeath's ghost.
CertainDeath's ghost is almost destroyed.
CertainDeath's ghost hits you!
* * * LOW HITPOINT WARNING * * *
CertainDeath's ghost lets out a mournful wail.
CertainDeath's ghost attacks as you move away!
CertainDeath's ghost hits you!
You die...
Kikubaaqudgha rasps: "You have failed me!
Welcome... death!"

#...##...##.............##
#..##.....##........(.....
#..#⌠.!♣?.⌠#..##.........#
#..##.....##..............
#...##...##...............
#....##.##...#.#..........
#.#...#'#...#..#...#......
#.##....W..##....###..###.
#........@...[............
###..#..............[..##.
#.##.........>.......##.
#.##....................
#.##.................###
#.##.................#..
######.##.................#.#
##...(.....................#.#
##................###########..


You could see CertainDeath's ghost.

Vanquished Creatures
  2 water moccasins
  An ice beast (D:5)
  An ogre (D:5)
  2 centaurs (D:5)
  A phantom (D:5)
  A scorpion (D:5)
  A hound (D:5)
  A jelly (D:5)
  Jessica (D:3)
  An iguana (D:4)
  An orc wizard (D:4)
  4 gnolls (D:3)
  6 adders
  A shadow imp (D:5)
  2 worms
  2 dart slugs
  6 orcs
  6 bats
  5 endoplasms
  A giant cockroach (D:2)
  11 hobgoblins
  5 jackals
  4 kobolds
  4 quokkas
  8 ball pythons
  2 frilled lizards
  13 goblins
  7 rats
100 creatures vanquished.

Notes
Turn   | Place    | Note
-------+----------+-------------------------------------------
     0 | D:1      | mathmaestro the Demonspawn Necromancer began the quest for
                  | the Orb.
     0 | D:1      | Reached XP level 1. HP: 13/13 MP: 3/3
     7 | D:1      | Upgraded the game from 0.29.0-4-gdea44cf6ec to 0.29.1
   482 | D:1      | Found a faded altar of an unknown god.
   716 | D:1      | Gained mutation: You have large cloven feet. [demonic
                  | ancestry]
   716 | D:1      | Reached XP level 2. HP: 20/20 MP: 3/5
  1063 | D:2      | Reached skill level 1 in Fighting
  1894 | D:2      | Gained mutation: You regenerate a little health from kills.
                  | [demonic ancestry]
  1894 | D:2      | Reached XP level 3. HP: 26/26 MP: 1/6
  1898 | D:2      | Learned a level 3 spell: Vampiric Draining
  2510 | D:3      | Noticed Jessica
  2515 | D:3      | Killed Jessica
  2516 | D:3      | Reached skill level 5 in Necromancy
  2516 | D:3      | Gained mutation: You are partially covered in razor-sharp
                  | scales. (AC +1, Slay +1) [demonic ancestry]
  2516 | D:3      | Reached XP level 4. HP: 33/33 MP: 4/8
  2992 | D:3      | Found a shimmering blue altar of Sif Muna.
  3343 | D:3      | Gained mutation: You have hoof-like feet. [demonic
                  | ancestry]
  3343 | D:3      | Reached XP level 5. HP: 32/39 MP: 5/9
  3567 | D:3      | Learned a level 4 spell: Animate Dead
  3582 | D:4      | Found a glowing drain.
  3605 | Sewer    | Entered a sewer
  3713 | Sewer    | Noticed a water moccasin
  3726 | Sewer    | Killed a water moccasin
  3727 | Sewer    | Reached skill level 1 in Shields
  3924 | D:4      | Found Miginig's Assorted Antiques.
  3947 | D:4      | Found Nuth's Distillery.
  3958 | D:4      | Found Qeotwosa's Armour Emporium.
  3970 | D:4      | Found a runed translucent door.
  3970 | D:4      | Noticed CertainDeath's ghost (amateur TrTm)
  3984 | D:4      | Gained mutation: You are mostly covered in razor-sharp
                  | scales. (AC +2, Slay +2) [demonic ancestry]
  3984 | D:4      | Reached XP level 6. HP: 41/47 MP: 3/11
  4062 | D:4      | Bought 2 potions of degeneration for 24 gold pieces
  4062 | D:4      | Bought a potion of might for 48 gold pieces
  4062 | D:4      | Bought a potion of curing for 36 gold pieces
  4062 | D:4      | Bought a potion of lignification for 36 gold pieces
  4062 | D:4      | Bought a potion of attraction for 36 gold pieces
  4079 | D:4      | Found Koyjoituwn's Magic Scroll Shoppe.
  4087 | D:4      | Bought a scroll of blinking for 75 gold pieces
  4510 | D:5      | Entered Level 5 of the Dungeon
  4523 | D:5      | Noticed an ice beast
  4527 | D:5      | Killed an ice beast
  4547 | D:5      | Reached skill level 6 in Necromancy
  4567 | D:5      | Reached XP level 7. HP: 52/52 MP: 7/12
  4680 | D:5      | Found a sparkling altar of Nemelex Xobeh.
  4680 | D:5      | Found an ancient bone altar of Kikubaaqudgha.
  4681 | D:5      | Found a stormy altar of Qazlal.
  4688 | D:5      | Became a worshipper of Kikubaaqudgha
  5296 | D:5      | Gained mutation: You regenerate health from kills. [demonic
                  | ancestry]
  5296 | D:5      | Reached XP level 8. HP: 61/61 MP: 14/14
  5308 | D:5      | Found a large runed translucent door.
  5309 | D:5      | Found a large runed translucent door.
  5523 | D:5      | Found a snail-covered altar of Cheibriados.
  5538 | D:5      | Found a radiant altar of Vehumet.
  5596 | D:4      | Bought a scroll of amnesia for 40 gold pieces
  5596 | D:4      | Bought a scroll of noise for 10 gold pieces
  5596 | D:4      | Bought a scroll of teleportation for 30 gold pieces
  5637 | D:4      | Mangled by CertainDeath's ghost

Illustrated notes

Levels and vault maps discovered:
D:1:      wander_arrival_peaceful_grave, layout_basic,
          hellmonk_ecumenical_altar_run_dry
D:2:      layout_basic, hangedman_decor_riveting
D:3:      cheibrodos_greedy_goblins, layout_loops_ring, led_sif_pool,
          uniq_jessica
D:4:      layout_rooms, serial_shops, shop, shop, shop, nicolae_shop_stone,
          hellmonk_ghost_happy_afterlife, portal_sewer_entry_a
D:5:      layout_basic, gammafunk_temple_overflow_claw, jmf_multi_god_temple2,
          minmay_tree_intersection, sigmund_army

Skill      XL: |  1  2  3  4  5  6  7 |
---------------+----------------------+-----
Stealth        | 2 |  2.0
Dodging        | 2 |  2.0
Fighting       | 1 2 3 4 |  4.5
Necromancy     | 5 6 |  6.8
Spellcasting   | 3 4 |  4.6
Shields        | 1 2 3 |  3.3
Armour         | |  0.8

Action                   |  1- 3 |  4- 6 |  7- 9 || total
-------------------------+-------+-------+-------++-------
Melee: Unarmed           |    10 |       |       ||    10
       Dagger            |    16 |    64 |    50 ||   130
       Kick              |     3 |    14 |    14 ||    31
 Cast: Necrotise         |    69 |    64 |    16 ||   149
       Vampiric Draining |       |     1 |     1 ||     2
  Use: Scroll            |       |     3 |     2 ||     5
 Stab: Sleeping          |     1 |     1 |     4 ||     6
Armor: Robe              |     2 |    19 |     1 ||    22
       Leather armour    |       |       |    16 ||    16
Dodge: Dodged            |    27 |    46 |    21 ||    94
Block: Buckler           |       |     8 |     9 ||    17
